 Dungeon Crawl Stone Soup version 0.27.1-1-g398f81649c (webtiles) character file.

Game seed: 12373438840357978891

767 shoulao the Cudgeller (level 7, -7/93 HPs)
             Began as a Minotaur Berserker on Sept 16, 2021.
             Was a Believer of Trog.
             Killed from afar by an acid dragon (9 damage)
             ... with a splash of acid
             ... on level 7 of the Dungeon.
             The game lasted 00:03:59 (5339 turns).

shoulao the Cudgeller (Minotaur Berserker)          Turns: 5339, Time: 00:04:02

Health: -7/93      AC:  2    Str: 24    XL:     7   Next: 52%
Magic:  6/6        EV: 14    Int:  4    God:    Trog [**....]
Gold:   175        SH:  0    Dex: 15    Spells: 6/6 levels left

rFire    . . .     SeeInvis .   a - +0 mace
rCold    . . .     Faith    .   (no shield)
rNeg     + . .     Spirit   .   b - +0 animal skin
rPois    .         Reflect  .   (helmet restricted)
rElec    .         Harm     .   (no cloak)
rCorr    .         Rampage  .   (no gloves)
Will     .....                  (no boots)
Stlth    ..........             (no amulet)
HPRegen  0.25/turn              e - ring of positive energy
MPRegen  0.10/turn              i - +6 ring of dexterity

@: berserking, very quick
A: horns 2, retaliatory headbutt
a: Renounce Religion, Berserk, Trog's Hand


You were on level 7 of the Dungeon.
You worshipped Trog.
Trog was pleased with you.
You visited 1 branch of the dungeon, and saw 5 of its levels.

You collected 175 gold pieces.

Inventory:

Hand Weapons
 a - a +0 mace (weapon)
 f - a +0 mace
Missiles
 g - 89 stones (quivered)
Armour
 b - a +0 animal skin (worn)
Jewellery
 e - a ring of positive energy (left hand)
 i - a +6 ring of dexterity (right hand)
 n - a ring of willpower
Wands
 k - a wand of flame (30)
 l - a wand of iceblast (9)
Scrolls
 c - a scroll of enchant armour {unknown}
 h - a scroll of brand weapon {unknown}
 j - a scroll of magic mapping {unknown}
 m - 2 scrolls of identify {unknown}
 o - a scroll of noise {unknown}
Potions
 d - a potion of attraction {unknown}


   Skills:
 + Level 5.6 Fighting
 + Level 7.8 Maces & Flails
 + Level 2.6 Armour
 + Level 4.7 Dodging
 + Level 2.2 Stealth


You had 6 spell levels left.
You didn't know any spells.
Your spell library was empty.

Dungeon Overview and Level Annotations

Branches:
Dungeon (7/15)
 Temple: D:4-7

Altars:

Shops:
D:1 *

Annotations:
D:7 Joseph


Innate Abilities, Weirdness & Mutations

You have a pair of horns on your head.
You reflexively headbutt those who attack you in melee.


Message History

You kill the orc!
Trog accepts your kill. The orc barely misses you. You furiously retaliate!
You headbutt the orc. The orc barely misses you.
There are monsters nearby!
You hit the orc.
The orc is moderately wounded.
The orc hits you with a +0 club. The orc closely misses you.
There are monsters nearby!
You thump the orc!
You kill the orc!
Trog accepts your kill. The orc misses you. You furiously retaliate!
You headbutt the orc!
You kill the orc!
Trog accepts your kill.
Joseph is nearby!
Things that are here:
a +0 mace; a +0 chain mail; an orc corpse Joseph is nearby!
An acid dragon comes into view.
Joseph hits you with a +0 spectral quarterstaff!
There are monsters nearby!
You hit Joseph but do no damage.
Joseph hits you with a +0 spectral quarterstaff!!
The acid dragon bites you!
* * * LOW HITPOINT WARNING * * *
The acid dragon claws you.
* * * LOW HITPOINT WARNING * * *
There are monsters nearby!
You are too injured to fight recklessly!
There are monsters nearby!
You are too injured to fight recklessly!
There are monsters nearby!
A red film seems to cover your vision as you go berserk!
You feel yourself moving faster!
You feel mighty!
Joseph hits you with a +0 spectral quarterstaff!
* * * LOW HITPOINT WARNING * * *
The acid dragon spits acid at you. The splash of acid hits you!
You die...

#.
#.####.####....
#.......#....
#.#.##..#.#.###
...............
###.#.#.#.#.#..
#......)..#.#.##
#.#.###..)..?...
# ###...))#.#...
#####@#.# .
#.D.@.# #...###
#.... #....
#..... ....#.
.....#..


You could see Joseph and an acid dragon (catching breath).

Vanquished Creatures
  Menkaure (D:6)
  A water moccasin (D:7)
  An ice beast (D:6)
  3 scorpions (D:6)
  A howler monkey (D:6)
  A hound (D:6)
  Jessica (D:2)
  Terence (D:2)
  2 orc wizards (D:6)
  A howler monkey zombie (D:6)
  2 adders (D:2)
  A worm (D:2)
  2 dart slugs
  14 orcs
  4 ball pythons
  5 bats
  5 endoplasms
  6 hobgoblins
  2 jackals (D:1)
  2 kobolds (D:1)
  2 quokkas (D:1)
  5 frilled lizards
  7 goblins
  3 rats
  A spectral goblin (D:1)
74 creatures vanquished.

Vanquished Creatures (others)
  2 plants (D:7)
2 creatures vanquished.

Grand Total: 76 creatures vanquished

Notes
Turn   | Place    | Note
-------+----------+-------------------------------------------
     0 | D:1      | shoulao the Minotaur Berserker began the quest for the Orb.
     0 | D:1      | Reached XP level 1. HP: 19/19 MP: 0/0
    52 | D:1      | Found Azawn's General Store.
    86 | D:1      | Reached skill level 4 in Maces & Flails
   120 | D:1      | Reached XP level 2. HP: 26/27 MP: 1/1
   397 | D:1      | Found a faded altar of an unknown god.
   504 | D:1      | Reached ** piety under Trog
  1267 | D:1      | Reached XP level 3. HP: 30/33 MP: 2/2
  1876 | D:2      | Noticed Terence
  1885 | D:2      | Killed Terence
  1886 | D:2      | Reached XP level 4. HP: 20/41 MP: 3/3
  2354 | D:2      | Reached skill level 5 in Maces & Flails
  2416 | D:2      | Noticed Jessica
  2418 | D:2      | Killed Jessica
  2810 | D:3      | You fall into a shaft and drop 3 floors!
  2810 | D:6      | Noticed a scorpion
  2819 | D:6      | Killed a scorpion
  2820 | D:6      | Reached skill level 1 in Stealth
  2820 | D:6      | Reached XP level 5. HP: 27/47 MP: 4/4
  3082 | D:6      | Noticed an ice beast
  3094 | D:6      | Killed an ice beast
  3095 | D:6      | Reached skill level 5 in Fighting
  3095 | D:6      | Reached skill level 6 in Maces & Flails
  3095 | D:6      | Reached XP level 6. HP: 56/56 MP: 5/5
  3283 | D:6      | Noticed Menkaure
  3289 | D:6      | Killed Menkaure
  3290 | D:6      | Reached skill level 7 in Maces & Flails
  3510 | D:6      | Reached XP level 7. HP: 61/61 MP: 6/6
  5319 | D:7      | Noticed Joseph
  5339 | D:7      | HP: 2/93 [Joseph (14)]
  5339 | D:7      | Killed from afar by an acid dragon

Illustrated notes

Levels and vault maps discovered:
D:1:      dpeg_arrival_erosion, layout_loops_cross,
          dreamdust_ecumenical_altar_drowned_temple, serial_shops, shop
D:2:      layout_rooms, uniq_jessica, uniq_terence
D:3:      layout_loops_ring, minmay_quantized
D:6:      layout_layer_cave, uniq_menkaure
D:7:      minmay_the_grid_octo_triangle [minmay_the_grid_octo_teeth,
          minmay_the_grid_octo_prize_ultimate_mussel_roller,
          minmay_the_grid_octo_checkered], layout_basic,
          nicolae_elyvilon_temple_path, minmay_lizard_king, uniq_joseph

Skill      XL: |  1  2  3  4  5  6  7 |
---------------+----------------------+-----
Maces & Flails | 4 5 6 7 |  7.8
Fighting       | 4 5 |  5.6
Dodging        | 3 4 |  4.7
Stealth        | 1 2 |  2.2
Armour         | |  2.6

Action                   |  1- 3 |  4- 6 |  7- 9 || total
-------------------------+-------+-------+-------++-------
Melee: Mace              |    77 |    52 |    31 ||   160
       Headbutt          |     8 |    15 |    11 ||    34
Invok: Berserk           |     3 |     2 |     1 ||     6
 Stab: Sleeping          |     2 |       |       ||     2
Armor: Animal skin       |    11 |     5 |     2 ||    18
Dodge: Dodged            |    52 |    33 |    17 ||   102
